 Dungeon Sprint DCSS version 0.14-a0-102-g2341383 (console) character file.

1307 Dalvant the Arsonist (level 7, -16/40 HPs)
             Began as a Deep Elf Fire Elementalist on Oct 2, 2013.
             Demolished by a baby alligator (18 damage)
             ... in the Dungeon (Sprint II: "The Violet Keep of Menkaure").
             The game lasted 00:03:44 (786 turns).

Dalvant the Arsonist (Deep Elf Fire Elementalist)    Turns: 786, Time: 00:03:44

HP -16/40        AC  2     Str  5      XL: 7   Next:  9%
MP   9/23        EV 13     Int 22      God:
Gold 749         SH  0     Dex 15      Spells:  2 memorised, 14 levels left

Res.Fire  : . . .   See Invis. : .   (no weapon)
Res.Cold  : . . .   Warding    : .   a - +0 elf robe
Life Prot.: . . .   Conserve   : .   (no shield)
Res.Poison: .       Res.Corr.  : .   (no helmet)
Res.Elec. : .       Clarity    : .   (no cloak)
Sust.Abil.: . .     Spirit.Shd : .   (no gloves)
Res.Mut.  : .       Prev.Telep.: +   (no boots)
Res.Rott. : .       Flight     : .   (no amulet)
Saprovore : . . .                    (no ring)
                                     (no ring)

@: slightly resistant to hostile enchantments, quite stealthy
A: no striking features
a: no special abilities


You were in the Dungeon.
You were very hungry.

You visited 1 branch You collected 729 gold pieces.

Inventory:

Armour
 a - a +0 elven robe (worn)
Comestibles
 c - a bread ration
Scrolls
 i - a scroll of blinking
Potions
 e - a potion of heal wounds
 f - a potion of speed
 g - 2 potions of magic
Books
 b - a book of Flames

   Spells                             Type                      Level
   *Flame Tongue                      Conjuration/Fire             1
   Throw Flame                        Conjuration/Fire             2
   Conjure Flame                      Conjuration/Fire             3
   Inner Flame                        Hexes/Fire                   3
   *Sticky Flame                      Conjuration/Fire             4
   Fireball                           Conjuration/Fire             5


   Skills:
 - Level 5.0 Fighting
 - Level 3.2 Dodging
 - Level 5.5 Stealth
 + Level 6.9 Spellcasting
 * Level 7.6 Conjurations
 + Level 11.3 Fire Magic


You had 14 spell levels left.
You knew the following spells:

 Your Spells              Type           Power        Failure   Level  Hunger
a - Flame Tongue          Conj/Fire      #####        1%          1    None
c - Sticky Flame          Conj/Fire      #####...     1%          4    ###....


Dungeon Overview and Level Annotations

Branches:
Dungeon (1/1)

Altars:


Message History

Casting: Sticky Flame
Confirm with . or Enter, or press ? or * to list all spells.
Aiming: Sticky Flame
Press: ? - help, Shift-Dir - straight line, f/p - baby alligator
Aim: a baby alligator (moderately wounded, covered in liquid flames)
The sticky flame hits the baby alligator.
The baby alligator is heavily wounded.
You are feeling very hungry.
The baby alligator burns!
The baby alligator bites you!
* * * LOW HITPOINT WARNING * * *
The baby alligator closely misses you.
Casting: Sticky Flame
Confirm with . or Enter, or press ? or * to list all spells.
Aiming: Flame Tongue
Press: ? - help, Shift-Dir - straight line, f/p - baby alligator
Aim: a baby alligator (heavily wounded, covered in liquid flames)
The flame hits the baby alligator.
The baby alligator is heavily wounded.
The baby alligator burns!
The baby alligator bites you!
You die...

#+# ≈≈§§§§§ ≈§§§≈
≈§§§≈ §§≈ §§≈
#≈≈#+++#+++##
#≈≈≈.........#
##+##..
##.#.##.####
#..##.#..@.# #
##..#####t.## ##.
##'# #.##..#
#.B$##<###..#..#
#+.<.'%##'..###
#.B.##<###..#....#
##.
#'###.##...§..≈≈≈≈
#
####.####≈≈.....≈#+
#..##.#≈≈≈≈§§≈§.≈#.
#..%##≈≈≈≈§§§≈.§#.
##+##≈≈≈≈§≈§≈≈≈§#
≈§≈≈≈≈≈§§§§
#≈≈≈≈§§≈§ ≈≈#


You could see a baby alligator (burning).

Vanquished Creatures
  A crocodile (D)
  4 brain worms (D)
  3 agate snails (D)
  4 giant centipedes (D)
12 creatures vanquished.

Notes
Turn   | Place    | Note
--------------------------------------------------------------
     0 | D        | Dalvant, the Deep Elf Fire Elementalist, began the quest for the Orb.
     0 | D        | Reached XP level 1. HP: 10/10 MP: 4/4
     1 | D        | Noticed a boulder beetle
     1 | D        | Noticed a boulder beetle
    14 | D        | Reached skill level 4 in Fire Magic
    14 | D        | Reached XP level 2. HP: 15/15 MP: 0/6
    15 | D        | Reached skill level 5 in Fire Magic
    24 | D        | Reached skill level 1 in Fighting
   112 | D        | Reached skill level 6 in Fire Magic
   112 | D        | Reached XP level 3. HP: 19/19 MP: 6/9
   146 | D        | Noticed a brain worm
   149 | D        | Killed a brain worm
   149 | D        | Reached skill level 7 in Fire Magic
   149 | D        | Reached XP level 4. HP: 21/24 MP: 7/12
   192 | D        | Learned a level 4 spell: Sticky Flame
   194 | D        | Noticed a brain worm
   199 | D        | Killed a brain worm
   199 | D        | Reached skill level 8 in Fire Magic
   199 | D        | Reached XP level 5. HP: 29/29 MP: 8/16
   249 | D        | Noticed a brain worm
   249 | D        | Noticed a brain worm
   252 | D        | Killed a brain worm
   252 | D        | Reached skill level 5 in Stealth
   252 | D        | Reached skill level 5 in Conjurations
   252 | D        | Reached skill level 9 in Fire Magic
   257 | D        | Killed a brain worm
   257 | D        | Reached skill level 10 in Fire Magic
   257 | D        | Reached XP level 6. HP: 25/35 MP: 10/20
   355 | D        | Noticed an agate snail
   355 | D        | Noticed an agate snail
   371 | D        | Killed an agate snail
   371 | D        | Reached skill level 5 in Spellcasting
   557 | D        | Killed an agate snail
   557 | D        | Reached skill level 5 in Fighting
   640 | D        | Noticed a lava snake
   640 | D        | Noticed an agate snail
   681 | D        | Killed an agate snail
   681 | D        | Reached skill level 11 in Fire Magic
   776 | D        | Noticed a crocodile
   778 | D        | Noticed a baby alligator
   782 | D        | Killed a crocodile
   782 | D        | Reached XP level 7. HP: 17/40 MP: 17/23
   785 | D        | HP: 2/40 [baby alligator (15)]
   786 | D        | Demolished by a baby alligator

Action                   |  1- 3 |  4- 6 |  7- 9 || total
-------------------------+-------+-------+-------++-------
Melee: Unarmed           |    14 |       |       ||    14
 Cast: Flame Tongue      |     8 |    45 |     1 ||    54
       Sticky Flame      |       |     5 |     2 ||     7
  Use: Potion            |     2 |       |       ||     2
